 Dungeon Crawl Stone Soup version 0.21-a0-352-g5b8f553 (webtiles) character file.

2998 Dominolapin the Ogre Mage (level 9, -9/97 HPs)
             Began as an Ogre Necromancer on Oct 11, 2017.
             Was a Follower of Ashenzari.
             Mangled by a two-headed ogre
             ... wielding a +0 giant spiked club
              (22 damage)
             ... on level 8 of the Dungeon.
             The game lasted 00:22:10 (12024 turns).

Dominolapin the Ogre Mage (Ogre Necromancer)       Turns: 12024, Time: 00:22:11

Health: -9/97      AC:  6    Str: 14    XL:     9   Next: 84%
Magic:  2/22       EV: 11    Int: 19    God:    Ashenzari [*.....]
Gold:   116        SH:  0    Dex:  9    Spells: 10/26 levels left

rFire    . . .     SeeInvis .   a - staff of death
rCold    + . .     Gourm    .   (no shield)
rNeg     + . .     Faith    .   o - +0 robe (curse)
rPois    .         Spirit   .   (helmet restricted)
rElec    .         Reflect  .   s - +2 cloak (curse)
rCorr    .         Harm     .   (gloves unavailable)
MR       .....                  (boots unavailable)
Stlth    +.........             (no amulet)
HPRegen  0.26/turn              d - ring of wizardry (curse)
MPRegen  0.18/turn              y - ring of protection from cold

@: no status effects
A: unfitting armour, tough skin 1
a: Curse Item, Scrying, Renounce Religion


You were on level 8 of the Dungeon.
You worshipped Ashenzari.
Ashenzari was aware of your devotion.
You were not hungry.

You visited 1 branch of the dungeon, and saw 9 of its levels.

You collected 436 gold pieces.
You spent 320 gold pieces at shops.


Innate Abilities, Weirdness & Mutations

You are too large for most types of armour.
You have tough skin. (AC +1)


   Skills:
 + Level 8.3 Fighting
 - Level 3.9 Staves
 + Level 5.3 Dodging
 - Level 1.4 Stealth
 * Level 9.0 Spellcasting
 - Level 5.4 Necromancy
 - Level 1.6 Evocations


You had 10 spell levels left.
You knew the following spells:

 Your Spells              Type           Power        Failure   Level  Hunger
a - Pain                  Necr           ####         1%          1    None
b - Vampiric Draining     Necr           #####.....   1%          3    None
c - Animate Dead          Necr           N/A          3%          4    ###....
d - Control Undead        Necr           #####.....   3%          4    ###....
e - Regeneration          Chrm/Necr      ####......   3%          3    None
o - Animate Skeleton      Necr           N/A          1%          1    None

Inventory:

Hand Weapons
 b - a +1 flail of crushing
Armour
 o - a cursed +0 robe (worn)
 s - a cursed +2 cloak (worn)
Magical Staves
 a - an uncursed staff of death (weapon)
Jewellery
 d - a cursed ring of wizardry (left hand)
 l - an uncursed ring of wizardry
 y - a ring of protection from cold (right hand)
Wands
 m - a wand of iceblast (15/15)
 t - a wand of iceblast (13/15)
 w - a wand of clouds (0/9)
 x - a wand of confusion (14/48)
Scrolls
 f - 2 scrolls of amnesia
 h - a scroll of enchant weapon
 i - 2 scrolls of remove curse {@r2}
 j - 2 scrolls of teleportation {@r4}
 q - a scroll of magic mapping
 r - 3 scrolls of recharging
 z - a scroll of fog
Potions
 e - 2 potions of lignification {!q}
 n - a potion of haste {@q3}
 u - a potion of flight
 v - a potion of heal wounds {@q2}
Books
 g - a book of Necromancy

   Spells                             Type                      Level
   a - Pain                           Necromancy                   1
   b - Animate Skeleton               Necromancy                   1
   c - Vampiric Draining              Necromancy                   3
   d - Regeneration                   Charms/Necromancy            3
   e - Animate Dead                   Necromancy                   4
   f - Control Undead                 Necromancy                   4
 k - a book of Misfortune

   Spells                             Type                      Level
   a - Confusing Touch                Hexes                        1
   b - Confuse                        Hexes                        3
   c - Gell's Gravitas                Translocation                3
   d - Petrify                        Transmutation/Earth          4
   e - Metabolic Englaciation         Hexes/Ice                    5
   f - Yara's Violent Unravelling     Hexes/Transmutation          5
Comestibles
 c - 2 bread rations {@e1}
 p - 3 meat rations {@e1}

Dungeon Overview and Level Annotations

Branches:
Dungeon (9/15)             Temple (0/1) D:7
   Lair: D:8-11         Orc: D:9-12

Altars:
Ashenzari
Cheibriados
Fedhas
Nemelex Xobeh
Qazlal
Vehumet

Shops:
D:4 *}} D:8

* #.####.[.##.......# #
#.####.(.##.......# ##
#........##.......# #.
#.##.##.###.......# #.
#.##.##(# #.......# #.
#....<(.# ######### #.
####.############# #.
####§###.........# #.
#.§§§O@..##.##.#.# #.
#.##§##........#.#####.
#{##>##..##............
#Z##))...<..##.#.######
#?#####..##.##.#.#
#................#
##################


You could see a two-headed ogre.


Message History

The two-headed ogre hits you with a giant club!
* * * LOW HITPOINT WARNING * * *
Your centaur zombie hits the two-headed ogre but does no damage.
Casting: Vampiric Draining
Confirm with . or Enter, or press ? or * to list all spells.
Aiming: Vampiric Draining
Press: ? - help, Shift-Dir - straight line, f/p - two-headed ogre
Aim: a two-headed ogre, wielding a giant spiked club and a giant club (heavily wounded)
You feel a surge of power!
The two-headed ogre is severely wounded.
You feel life coursing into your body.
Your skin stops crawling.
Your centaur zombie hits the two-headed ogre.
The two-headed ogre hits your centaur zombie with a giant spiked club!!
The two-headed ogre hits your centaur zombie with a giant club!
Your centaur zombie is destroyed!
The two-headed ogre shouts in stereo!
Evoke which item? (* to show all) (? for menu, Esc to quit)
Aiming: Cloud Cone (will waste charges)
Press: ? - help, Dir - move target cursor, f/p - two-headed ogre
Aim: a two-headed ogre, wielding a giant spiked club and a giant club (almost dead)
You create a blast of freezing vapour!
Evoking this partially-identified wand wasted a few charges.
You hit the two-headed ogre but do no damage.
The two-headed ogre is almost dead.
The two-headed ogre is engulfed in freezing vapours.
The two-headed ogre hits you with a giant spiked club!!
* * * LOW HITPOINT WARNING * * *
The two-headed ogre hits you with a giant club!!
You die...

Skill      XL: |  1  2  3  4  5  6  7  8  9 |
---------------+----------------------------+-----
Spellcasting   | 3 4 5 6 9 |  9.0
Necromancy     | 4 5 |  5.4
Fighting       | 2 3 4 6 8 |  8.3
Staves         | 1 2 3 |  3.9
Dodging        | 2 4 5 |  5.3
Evocations     | 1 |  1.6
Stealth        | |  1.4

Action                   |  1- 3 |  4- 6 |  7- 9 || total
-------------------------+-------+-------+-------++-------
Melee: Dagger            |    53 |    13 |   148 ||   214
       Unarmed           |     3 |       |       ||     3
       Staff             |       |    99 |   532 ||   631
       Flail             |       |       |    45 ||    45
 Cast: Pain              |    35 |    63 |    12 ||   110
       Animate Skeleton  |     8 |    10 |    18 ||    36
       Regeneration      |     1 |       |    15 ||    16
       Vampiric Draining |       |    27 |   111 ||   138
       Animate Dead      |       |     3 |    11 ||    14
       Control Undead    |       |       |     8 ||     8
Invok: Curse Item        |       |       |     3 ||     3
Evoke: Wand              |       |       |     2 ||     2
  Use: Scroll            |     2 |    11 |     9 ||    22
       Potion            |       |     2 |       ||     2
 Stab: Distracted        |       |     1 |     2 ||     3
       Confused          |       |       |     2 ||     2
  Eat: Chunk             |     2 |    11 |    16 ||    29
       Fruit             |       |       |     4 ||     4
       Bread ration      |       |       |     2 ||     2
       Royal jelly       |       |       |     1 ||     1
       Meat ration       |       |       |     1 ||     1
Armor: Robe              |    22 |    36 |   281 ||   339
Dodge: Dodged            |    33 |    79 |   424 ||   536

Vault maps used:
D:1:      dpeg_arrival_pits
D:2:      kennysheep_six_static_rooms, lemuel_doored_altar, grunt_qazlal_clouds
D:3:      grunt_decor_cap
D:4:      serial_shops, shop, nicolae_shop_stone, nicolae_shop_trees,
          nicolae_ossuary_entry_ruins, uniq_edmund
D:5:      grunt_temple_overflow_cloverleaf, first_bread,
          kennysheep_generic_room_5, uniq_prince_ribbit1
D:7:      minmay_temple_entry_fiery
D:8:      serial_shops, nicolae_shop_waterfront
D:9:      good_gods_temple_1, tgw_trog, lair_entry_dummy, the_bakery,
          minmay_guarded_unrand_variability

Notes
Turn   | Place    | Note
-------+----------+-------------------------------------------
     0 | D:1      | Dominolapin the Ogre Necromancer began the quest for the Orb.
     0 | D:1      | Reached XP level 1. HP: 16/16 MP: 3/3
    96 | D:1      | Reached XP level 2. HP: 17/24 MP: 1/5
    99 | D:1      | Learned a level 1 spell: Animate Skeleton
   627 | D:1      | Reached skill level 3 in Spellcasting
   750 | D:2      | Found a radiant altar of Vehumet.
   751 | D:2      | Reached skill level 4 in Necromancy
   992 | D:2      | Reached XP level 3. HP: 28/31 MP: 1/7
  1039 | D:2      | Learned a level 3 spell: Vampiric Draining
  1043 | D:2      | Learned a level 3 spell: Regeneration
  1138 | D:2      | Found a stormy altar of Qazlal.
  1546 | D:2      | You fall through a shaft for 2 floors!
  1550 | D:4      | Reached XP level 4. HP: 35/39 MP: 3/9
  2075 | D:2      | Reached skill level 4 in Spellcasting
  2937 | D:3      | Reached XP level 5. HP: 45/46 MP: 5/11
  3013 | D:3      | Reached skill level 1 in Fighting
  3331 | D:4      | Reached skill level 1 in Staves
  3412 | D:4      | Found Miosch's Gadget Emporium.
  3454 | D:4      | HP: 4/48 [centaur skeleton (8)]
  3612 | D:4      | Reached skill level 2 in Fighting
  3668 | D:4      | Reached XP level 6. HP: 48/57 MP: 2/12
  3674 | D:4      | Learned a level 4 spell: Animate Dead
  3875 | D:4      | Reached skill level 2 in Staves
  3875 | D:4      | Reached skill level 5 in Necromancy
  4047 | D:4      | Found Osauwe Voiqi's Assorted Antiques.
  4052 | D:4      | Bought a scroll labeled WUGUIV NOOSS for 19 gold pieces
  4052 | D:4      | Bought a scroll labeled RARCHA QERU for 19 gold pieces
  4052 | D:4      | Bought a scroll of enchant armour for 142 gold pieces
  4198 | D:4      | Noticed Edmund
  4208 | D:4      | Killed Edmund
  4208 | D:4      | Reached skill level 3 in Fighting
  4208 | D:4      | Reached skill level 5 in Spellcasting
  4352 | D:4      | Found Ughij's Gadget Shoppe.
  4372 | D:4      | Reached XP level 7. HP: 64/67 MP: 10/14
  4819 | D:5      | Entered Level 5 of the Dungeon
  4956 | D:5      | Learned a level 4 spell: Control Undead
  5343 | D:5      | Reached skill level 4 in Fighting
  5343 | D:5      | Reached skill level 3 in Staves
  5603 | D:5      | Reached skill level 2 in Dodging
  5817 | D:5      | Found a snail-covered altar of Cheibriados.
  5817 | D:5      | Found a shattered altar of Ashenzari.
  5817 | D:5      | Found a blossoming altar of Fedhas.
  5817 | D:5      | Found a sparkling altar of Nemelex Xobeh.
  5959 | D:5      | Became a worshipper of Ashenzari the Shackled
  6155 | D:5      | Reached skill level 1 in Evocations
  6155 | D:5      | Reached XP level 8. HP: 43/79 MP: 12/16
  6428 | D:5      | Reached skill level 5 in Fighting
  6774 | D:5      | Noticed Prince Ribbit
  7254 | D:6      | Reached skill level 3 in Dodging
  8077 | D:6      | Reached skill level 6 in Fighting
  8228 | D:6      | Reached * piety under Ashenzari
  8582 | D:7      | Reached skill level 6 in Spellcasting
  8762 | D:7      | Reached skill level 4 in Dodging
  8776 | D:7      | Reached XP level 9. HP: 32/92 MP: 2/19
  9079 | D:7      | Reached skill level 7 in Spellcasting
  9312 | D:7      | Reached skill level 7 in Fighting
  9416 | D:5      | Killed Prince Ribbit
  9672 | D:7      | Found a staircase to the Ecumenical Temple.
  9698 | D:8      | Identified the +5 scale mail of Peek-a-Boo {rN+}
  9976 | D:8      | Reached skill level 8 in Spellcasting
 10212 | D:8      | Reached skill level 5 in Dodging
 10222 | D:8      | Reached skill level 8 in Fighting
 10786 | D:8      | Found Fatac's Assorted Antiques.
 10791 | D:8      | Bought an encrusted bone ring for 140 gold pieces
 11056 | D:9      | Noticed a two-headed ogre
 11075 | D:8      | Reached skill level 9 in Spellcasting
 11199 | D:8      | HP: 2/97 [two-headed ogre/giant spiked club (9)]
 12024 | D:8      | Mangled by a two-headed ogre

Vanquished Creatures
  Prince Ribbit (D:5)
  Edmund (D:4)
  A water moccasin (D:7)
  A black bear (D:7)
  4 sky beasts
  4 centaurs
  An ogre (D:8)
  A crocodile (D:8)
  A big kobold (D:8)
  A bullfrog (D:7)
  2 scorpions
  2 crimson imps
  A bullfrog zombie (D:7)
  2 jellies
  A centaur zombie (D:8)
  5 hounds
  4 orc priests
  A centaur skeleton (D:4)
  10 orc wizards
  2 bullfrog skeletons (D:5)
  2 iguanas (D:4)
  4 worker ants
  A hound zombie (D:7)
  2 hound skeletons (D:5)
  A howler monkey skeleton (D:6)
  4 gnolls (D:5)
  6 adders
  An ooze (D:6)
  An adder zombie (D:8)
  An adder skeleton (D:7)
  4 worms
  3 dart slugs
  3 leopard geckos
  29 orcs
  5 bats (D:2)
  4 giant cockroaches
  7 goblins
  13 hobgoblins
  7 jackals
  5 quokkas
  3 frilled lizards
  11 kobolds
  A quokka zombie (D:5)
  8 rats
172 creatures vanquished.

Vanquished Creatures (collateral kills)
  A hippogriff (D:8)
  A phantom (D:5)
  2 howler monkeys (D:8)
  A hound (D:5)
  A bullfrog skeleton (D:6)
  A worker ant (D:4)
  A worker ant zombie (D:5)
  An adder (D:3)
  An ooze (D:4)
  2 orcs
  A frilled lizard (D:1)
13 creatures vanquished.

Grand Total: 185 creatures vanquished
